 Dungeon Crawl Stone Soup version 0.31.0-12-g77e489cdc1 (console) character file.

Game seed: 15130142604691282777

1498 AlterAsc the Cleaver (level 9, 0/64 HPs)
             Began as a Formicid Fighter on Mar 3, 2024.
             Was an Initiate of Okawaru.
             Killed from afar by Eustachio (10 damage)
             ... with a puff of flame
             ... on level 6 of the Dungeon.
             The game lasted 00:08:24 (5227 turns).

AlterAsc the Cleaver (Formicid Fighter)             Turns: 5227, Time: 00:08:24

Health: 0/64       AC: 10    Str: 25    XL:     9   Next: 8%
Magic:  9/9        EV:  8    Int:  8    God:    Okawaru [......]
Gold:   257        SH:  5    Dex: 13    Spells: 8/8 levels left

rFire   . . .        a - +0 war axe
rCold   . . .        c - +0 buckler
rNeg    . . .        g - +0 chain mail
rPois   +            (helmet unavailable)
rElec   .            (no cloak)
rCorr   .            (no gloves)
SInv    +            D - +0 pair of boots
Will    .....        (no amulet) Stlth
                     t - ring of poison resistance
HPRegen 0.30/turn    (no ring)
MPRegen 0.11/turn

%: no passive effects
@: mighty
A: permanent stasis, dig shafts and tunnels, antennae 3, four strong arms
a: Dig, Shaft Self, Renounce Religion


You were on level 6 of the Dungeon.
You worshipped Okawaru.
Okawaru was noncommittal.
You visited 2 branches of the dungeon, and saw 7 of its levels.

You collected 257 gold pieces.

Inventory:

Hand Weapons
 a - a +0 war axe (weapon)
 E - a +1 flail of holy wrath
Missiles
 F - 10 poisoned darts (quivered)
Armour
 b - a +0 scale mail
 c - a +0 buckler (worn)
 g - a +0 chain mail (worn)
 D - a +0 pair of boots (worn)
Jewellery
 o - a ring of ice
 t - a ring of poison resistance (left hand)
Wands
 A - a wand of digging (7)
 H - a wand of flame (11)
Scrolls
 h - a scroll of enchant weapon {unknown}
 i - a scroll of fog {unknown}
 j - a scroll of fear {unknown}
 k - 2 scrolls of noise {unknown}
 l - a scroll of summoning {unknown}
 m - 5 scrolls of teleportation {unknown}
 q - 3 scrolls of identify {unknown}
 r - 2 scrolls of silence {unknown}
 y - a scroll of poison {unknown}
 z - 2 scrolls of blinking {unknown}
 B - 2 scrolls of enchant armour {unknown}
 C - 2 scrolls of revelation {unknown}
Potions
 d - 2 potions of might
 e - 3 potions of curing {unknown}
 f - a potion of degeneration {unknown}
 n - 2 potions of magic {unknown}
 p - 5 potions of berserk rage {unknown}
 s - 2 potions of lignification {unknown}
 u - a potion of ambrosia {unknown}
 v - a potion of haste {unknown}
 w - a potion of brilliance {unknown}
 x - a potion of resistance {unknown}
 G - a potion of cancellation {unknown}


   Skills:
 - Level 3.2 Fighting
 + Level 10.9 Axes
 - Level 3.2 Armour
 - Level 4.0 Shields


You had 8 spell levels left.
You didn't know any spells.
Your spell library contained the following spells:

 Spells                   Type           Power      Damage    Failure   Level
 Necrotise                Necr           0%         1d4       95%         1
 Sandblast                Erth           0%         2d4       95%         1
 Shock                    Conj/Air       0%         1d3       95%         1
 Sting                    Conj/Alch      0%         1d3       95%         1
 Ensorcelled Hibernation  Hex/Ice        0%         N/A       99%         2
 Mercury Vapours          Alch/Air       0%         N/A       99%         2
 Passwall                 Erth           0%         N/A       100%        3
 Stone Arrow              Conj/Erth      0%         3d7       100%        3
 Vampiric Draining        Necr           0%         2d6       100%        3
 Airstrike                Air            0%         2d(0-16)  100%        4
 Anguish                  Hex/Necr       0%         N/A       100%        4
 Brom's Barrelling Bould  Conj/Erth      0%         2d3       100%        4
 Olgreb's Toxic Radiance  Alch           0%         N/A       100%        4
 Borgnjor's Vile Clutch   Necr/Erth      0%         N/A       100%        5
 Curse of Agony           Necr           0%         N/A       100%        5
 Swiftness                Air            Unusable   N/A       N/A         3
 Animate Dead             Necr           Unusable   N/A       N/A         4
 Martyr's Knell           Necr/Summ      Unusable   N/A       N/A         4
 Death Channel            Necr           Unusable   N/A       N/A         6
 Summon Cactus Giant      Summ           Unusable   N/A       N/A         6
 Summon Hydra             Summ           Unusable   N/A       N/A         7

Dungeon Overview and Level Annotations

Branches:
Dungeon (6/15)             Temple (1/1) D:4

Altars:
Ashenzari
Cheibriados
Elyvilon
Fedhas
Gozag
Kikubaaqudgha
Makhleb
Nemelex Xobeh
Okawaru
Ru
Trog
Uskayaw
Wu Jian
Xom
Yredelemnul
The Shining One

Annotations:
D:6 Eustachio, Grinder


Innate Abilities, Weirdness & Mutations

You cannot be hasted, slowed, berserked, paralysed or teleported.
You can dig through walls and to a lower floor.
You have a pair of large antennae on your head. (SInv)
Your four strong arms can wield two-handed weapons with a shield.


Message History

You miss the ufetubus. The ufetubus hits you. The ufetubus barely misses you.
Eustachio hits you with a +0 rapier.
The ufetubus hits you but does no damage.
The ufetubus hits you.
You barely miss Eustachio.
Eustachio is heavily wounded.
You slash the ufetubus!
You kill the ufetubus!
The ufetubus disappears in a puff of smoke!
Eustachio zaps a wand.
The puff of flame hits you!
You hit Eustachio.
Eustachio is heavily wounded.
Eustachio closely misses you.
You hit Eustachio but do no damage.
Eustachio is heavily wounded.
Eustachio barely misses you.
You barely miss Eustachio.
Eustachio is heavily wounded.
Grinder comes into view.
Eustachio hits you but does no damage.
Grinder shouts!
You slash Eustachio!
Eustachio is severely wounded.
Eustachio mumbles some strange words.
You closely miss Eustachio.
Eustachio is severely wounded.
You hit the ufetubus but do no damage.
The ufetubus hits you but does no damage. x2
You block Eustachio's attack.
You feel very mighty all of a sudden. The ufetubus hits you.
The ufetubus hits you but does no damage.
Eustachio zaps a wand.
The puff of flame hits you!
* * * LOW HITPOINT WARNING * * *
You miss Eustachio.
Eustachio is severely wounded.
You barely miss the ufetubus.
The ufetubus hits you but does no damage. x2
The ufetubus barely misses you. x2; Eustachio zaps a wand.
The puff of flame hits you!
You die...
Eustachio twirls his moustache.

#### ..# #.# ####
####.##### #...
#........#####.## #,
#.##.###.##......
#.##.##.#......##.##
#5@@5†..#.#.##.##.##
####.####.#.).....##
#.# #.........## #5#
#....)...... ...
#..######### #.# ##.
#.# #. ..#


You could see Eustachio, Grinder, a quasit (summoned) and an ufetubus
(summoned).

Vanquished Creatures
  Pikel (D:5)
  Edmund (D:5)
  An ice beast (D:6)
  An ogre (D:6)
  A kobold brigand (D:6)
  A scorpion (D:5)
  3 jellies (D:5)
  3 hounds (D:5)
  An orc priest (D:4)
  3 iguanas
  2 sleepcaps (D:4)
  3 orc wizards
  3 gnolls
  5 adders
  A white imp (D:6)
  A ribbon worm (D:2)
  2 dart slugs
  11 orcs
  8 endoplasms
  5 giant cockroaches
  11 goblins
  11 hobgoblins
  13 jackals
  5 quokkas
  3 ball pythons
  3 bats
  2 frilled lizards
  15 kobolds
  5 rats (D:1)
125 creatures vanquished.

Notes
Turn   | Place    | Note
-------+----------+-------------------------------------------
     0 | D:1      | AlterAsc the Formicid Fighter began the quest for the Orb.
     0 | D:1      | Reached XP level 1. HP: 18/18 MP: 1/1
    95 | D:1      | Reached XP level 2. HP: 24/24 MP: 2/2
   169 | D:1      | Reached skill level 3 in Axes
   209 | D:1      | Reached XP level 3. HP: 27/29 MP: 3/3
   808 | D:2      | Reached skill level 4 in Axes
   808 | D:2      | Reached XP level 4. HP: 30/35 MP: 4/4
  2438 | D:4      | Reached skill level 5 in Axes
  2438 | D:4      | Reached XP level 5. HP: 27/41 MP: 5/5
  2531 | D:4      | Got the Vellum of the Vexing Commander
  2714 | D:4      | Reached XP level 6. HP: 29/47 MP: 6/6
  2905 | D:4      | Reached skill level 6 in Axes
  3051 | D:4      | Found a staircase to the Ecumenical Temple.
  3072 | Temple   | Entered the Ecumenical Temple
  3413 | D:4      | Found a sparkling altar of Nemelex Xobeh.
  3465 | D:5      | Entered Level 5 of the Dungeon
  3603 | D:5      | Reached skill level 7 in Axes
  3603 | D:5      | Reached XP level 7. HP: 52/52 MP: 7/7
  3623 | D:5      | Found a sacrificial altar of Ru.
  3665 | D:5      | Found a broken altar of Ashenzari.
  3696 | D:5      | Noticed Pikel
  3705 | D:5      | Killed Pikel
  3706 | D:5      | Reached skill level 9 in Axes
  3706 | D:5      | Reached XP level 8. HP: 20/58 MP: 8/8
  4046 | D:5      | Found an ancient bone altar of Kikubaaqudgha.
  4048 | D:5      | Found a bloodstained altar of Trog.
  4304 | D:5      | Found an iron altar of Okawaru.
  4314 | D:5      | Became a worshipper of Warmaster Okawaru
  4375 | D:5      | Found a hide-covered altar of Uskayaw.
  4445 | D:5      | Noticed Edmund
  4457 | D:5      | Killed Edmund
  4522 | D:5      | Reached skill level 10 in Axes
  5087 | D:6      | Reached XP level 9. HP: 60/64 MP: 9/9
  5197 | D:6      | Noticed Eustachio
  5223 | D:6      | Noticed Grinder
  5227 | D:6      | Killed from afar by Eustachio

Illustrated notes

Levels and vault maps discovered:
D:1:      minmay_arrival_wavy_path, layout_basic, minmay_quantized
D:2:      layout_basic
D:3:      layout_rooms, minmay_hedge_maze, minmay_pentangle
D:4:      layout_basic, marbit_many_paths, temple_pool_b,
          minmay_goblin_kobold_house
D:5:      layout_layer_cave, mainiacjoe_overflow_catwalk,
          okawaru_altar_gauntlet_db, nicolae_ru_great_annihilating_truth,
          eat_drink_and_be_merry_uskayaw, minitemple, cheibrodos_gnoll_hut,
          uniq_edmund, uniq_pikel
D:6:      wander_river, layout_loops_cross, vehumet_crystals,
          chequers_temple_overflow_statue_of_worship, kennysheep_pointless_box,
          uniq_eustachio, uniq_grinder
Temple:   chequers_temple_sunken

Skill      XL: |  1  2  3  4  5  6  7  8 |
---------------+-------------------------+-----
Axes           | 3 4 5 7 9 10 | 10.9
Fighting       | |  3.2
Armour         | |  3.2
Shields        | |  4.0

Action                     |  1- 3 |  4- 6 |  7- 9 || total
---------------------------+-------+-------+-------++-------
  Melee: War axe           |   104 |   134 |   144 ||   382
    Use: Potion            |       |       |     2 ||     2
   Stab: Paralysed         |       |       |     1 ||     1
 Armour: Scale mail        |    31 |       |       ||    31
         Chain mail        |    33 |   102 |   136 ||   271
  Dodge: Dodged            |    53 |    60 |    81 ||   194
  Block: Buckler           |    30 |    29 |    49 ||   108
